 Dungeon Crawl Stone Soup version 0.28.0-53-g5a82cb258f (webtiles) character file.

Game seed: 15718860816208083763

315 Revguard the Chopper (level 6, -3/55 HPs)
             Began as a Minotaur Cinder Acolyte on Aug 25, 2022.
             Was a High Priest of Ignis.
             Slain by an ogre
             ... wielding a +0 giant club
              (26 damage)
             ... on level 4 of the Dungeon.
             The game lasted 00:07:37 (3086 turns).

Revguard the Chopper (Minotaur Cinder Acolyte)      Turns: 3086, Time: 00:07:38

Health: -3/55      AC:  8    Str: 16 (19) XL:     6   Next: 19%
Magic:  6/6        EV:  9    Int: 12 (13) God:    Ignis [*****.]
Gold:   122        SH:  0    Dex:  6 (7)  Spells: 7/7 levels left

rFire   + + .      SeeInvis .   b - +0 great mace
rCold   . . .      Faith    .   (shield currently unavailable)
rNeg    . . .      Spirit   .   f - +1 scale mail
rPois   .          Reflect  .   (helmet restricted)
rElec   .          Harm     .   (no cloak)
rCorr   .          Rampage  .   (no gloves)
Will    .....                   q - +0 pair of boots
Stlth   ..........              (no amulet)
HPRegen 0.18/turn               d - ring "Xivey" {Fly rF+}
MPRegen 0.10/turn               (no ring)

@: flying
A: horns 2, retaliatory headbutt, hooves 1, clever 1
a: Renounce Religion, Fiery Armour, Foxfire Swarm, Rising Flame


You were on level 4 of the Dungeon.
You worshipped Ignis.
Ignis was extremely pleased with you.
You visited 1 branch of the dungeon, and saw 4 of its levels.

You collected 122 gold pieces.

Inventory:

Hand Weapons
 a - a -1 hand axe of flaming
 b - a +0 great mace (weapon)
Missiles
 p - a throwing net (quivered)
Armour
 f - a +1 scale mail (worn)
 q - a +0 pair of boots (worn)
Jewellery
 d - the ring "Xivey" (left hand) {Fly rF+}
   (You acquired it on level 3 of the Dungeon)

   [ring of protection from fire]

   rF:        It protects you from fire.
   Fly:       It grants you flight.
Potions
 c - a potion of attraction
 e - 3 potions of curing


   Skills:
 + Level 4.9 Fighting
 + Level 5.0 Axes
 + Level 3.0 Armour
 + Level 2.8 Dodging
 - Level 1.0 Spellcasting
 - Level 2.1 Fire Magic
 + Level 2.2 Evocations


You had 7 spell levels left.
You didn't know any spells.
Your spell library contained the following spells:

 Spells                   Type           Power      Damage    Failure   Level
 Scorch                   Fire           10%        2d5       54%         2
 Beastly Appendage        Tmut           0%         N/A       71%         1
 Wereblood                Tmut           0%         N/A       85%         2
 Spider Form              Tmut/Pois      0%         N/A       97%         3


Dungeon Overview and Level Annotations

Branches:
Dungeon (4/15)
 Temple: D:4-7

Altars:
Nemelex Xobeh


Innate Abilities, Weirdness & Mutations

You have a pair of horns on your head.
You reflexively headbutt those who attack you in melee.
You have large cloven feet.
Your mind is acute. (Int +2)


Message History

You barely miss the hound. Your headbutt misses the hound.
The hound is severely wounded.
Your extra speed is starting to run out.
The hound closely misses you.
You closely miss the hound.
The hound is severely wounded.
The hound barely misses you. You furiously retaliate!
You headbutt the hound!
You kill the hound!
Your Axes skill increases to level 5!
Your Armour skill increases to level 3!
You feel yourself slow down.
HP restored.
A ball python comes into view.
The ball python closely misses you. You furiously retaliate!
You headbutt the ball python. The ball python closely misses you.
You barely miss the ball python. You headbutt the ball python.
You kill the ball python!
Found a ring mail.
An ogre comes into view. It is wielding a +0 giant club.
The ogre shouts!
The ogre barely misses you.
You closely miss the ogre. The ogre hits you with a +0 giant club.
You hit the ogre.
The ogre is lightly wounded.
The ogre hits you but does no damage.
You hit the ogre. Your headbutt misses the ogre.
The ogre is lightly wounded.
The ogre hits you with a +0 giant club!!
You barely miss the ogre. You headbutt the ogre.
The ogre is moderately wounded.
The ogre hits you with a +0 giant club!
* * * LOW HITPOINT WARNING * * *
The ogre barely misses you.
You feel better.
Throw: 2 throwing nets
Press: ? - help, Q - select action Shift-Dir - straight line, f - ogre
Aim: an ogre, wielding a +0 giant club (moderately wounded, 71% to hit)
You throw a throwing net.
The throwing net barely misses the ogre.
The ogre hits you with a +0 giant club!!
You die...

### .. ##.### #########
# ....# ##.#......
#.#.#.#.# ##....####.
#....[#.#####........#.
#(.O@................
#####.#######.#....#.
#.# #.#....). #.#
#.######. #.# #+# #.
#.# #. #.# #. #.# #.
###


You could see an ogre.

Vanquished Creatures
  Sigmund (D:2)
  A hound (D:4)
  5 adders
  A worm (D:3)
  A dart slug (D:4)
  2 orcs (D:3)
  2 ball pythons
  7 bats
  2 endoplasms
  2 giant cockroaches
  10 goblins
  9 hobgoblins
  11 jackals
  3 kobolds
  3 quokkas
  3 frilled lizards
  7 rats
70 creatures vanquished.

Notes
Turn   | Place    | Note
-------+----------+-------------------------------------------
     0 | D:1      | Revguard the Minotaur Cinder Acolyte began the quest for
                  | the Orb.
     0 | D:1      | Reached XP level 1. HP: 19/19 MP: 1/1
   167 | D:1      | Reached XP level 2. HP: 25/27 MP: 2/2
   402 | D:1      | Reached skill level 1 in Armour
   713 | D:1      | Reached skill level 1 in Dodging
  1285 | D:2      | Reached XP level 3. HP: 33/33 MP: 3/3
  1402 | D:2      | Reached skill level 4 in Axes
  1467 | D:2      | Reached skill level 1 in Evocations
  1578 | D:2      | Noticed Sigmund
  1585 | D:2      | Killed Sigmund
  1586 | D:2      | Reached XP level 4. HP: 32/41 MP: 4/4
  1586 | D:2      | Reached XP level 5. HP: 37/47 MP: 5/5
  2807 | D:3      | Reached XP level 6. HP: 55/55 MP: 6/6
  2859 | D:3      | Found a sparkling altar of Nemelex Xobeh.
  3005 | D:3      | Identified a scroll of acquirement
  3005 | D:3      | Acquired the ring "Xivey" {Fly rF+}
  3010 | D:3      | Gained mutation: Your mind is acute. (Int +2) [potion of
                  | mutation]
  3010 | D:3      | Gained mutation: You have large cloven feet. [potion of
                  | mutation]
  3051 | D:4      | Reached skill level 5 in Axes
  3086 | D:4      | Slain by an ogre

Illustrated notes

Levels and vault maps discovered:
D:1:      ebering_trefoil_3fold, layout_basic
D:2:      layout_loops_ring, uniq_sigmund
D:3:      minmay_angry_zag, layout_basic, general_overflow_altar,
          kennysheep_another_room
D:4:      layout_loops_corners, minmay_circle_x, uniq_duvessa, uniq_robin

Skill      XL: |  1  2  3  4  5  6 |
---------------+-------------------+-----
Armour         | 1 2 3 |  3.0
Dodging        | 1 2 |  2.8
Fighting       | 4 |  4.9
Axes           | 4 5 |  5.0
Evocations     | 1 2 |  2.2
Spellcasting   | |  1.0
Fire Magic     | |  2.1

Action                   |  1- 3 |  4- 6 || total
-------------------------+-------+-------++-------
Melee: Hand axe          |    80 |       ||    80
       Headbutt          |     8 |    16 ||    24
       Punch             |     1 |       ||     1
       Scythe            |       |    42 ||    42
       Great mace        |       |    51 ||    51
Throw: Throwing net      |     1 |     1 ||     2
  Use: Scroll            |       |     7 ||     7
       Potion            |       |     4 ||     4
Armor: Robe              |     7 |       ||     7
       Scale mail        |    39 |    75 ||   114
Dodge: Dodged            |    54 |    87 ||   141
